TOP OF THE 1ST |
Minnesota (NYP) Twins batting - Pitching for Vancouver Canadians : RHP Ron Kehoe
|
Pitching: RHP Ron Kehoe
|
|
Batting: RHB Caleb Bockmann
|
0-0: Foul Ball, location: 2F 0-1: Foul Ball, location: 2F 0-2: Strikes out swinging
|
Batting: RHB Fhil Mikrakin
|
0-0: Called Strike 0-1: Called Strike 0-2: Ball 1-2: Foul Ball, location: 2F 1-2: Ball 2-2: Ground out 6-3 (Groundball, 6, EV 99.4 MPH)
|
Batting: LHB Hector Olvera
|
0-0: Ball 1-0: Called Strike 1-1: Foul Ball, location: 2F 1-2: Hit by Pitch
|
Batting: RHB Steve Raine
|
0-0: Ball 1-0: Called Strike 1-1: Fly out, F8 (Flyball, 8LM, EV 86.2 MPH)
|
Top of the 1st over - 0 runs, 0 hits, 0 errors, 1 left on base; Minnesota (NYP) 0 - Vancouver 0 |
BOTTOM OF THE 1ST |
Vancouver Canadians batting - Pitching for Minnesota (NYP) Twins : LHP Sandy Benitez
|
Pitching: LHP Sandy Benitez
|
|
Batting: RHB Manny Elizondo
|
0-0: Called Strike 0-1: SINGLE (Line Drive, 6MD, EV 101.2 MPH)
|
Batting: LHB Ron de Vos
|
0-0: Ball 1-0: Called Strike Manny Elizondo is caught stealing 2nd base 2-6 1-1: Fly out, F8 (Flyball, 8LD, EV 96.2 MPH)
|
Batting: RHB Adam O'Hare
|
0-0: Ball 1-0: Called Strike 1-1: Called Strike 1-2: Ball 2-2: Foul Ball, location: 2F 2-2: Ball 3-2: Base on Balls
|
Batting: RHB Terry Plumley
|
0-0: Called Strike 0-1: Fly out, F8 (Flyball, 8RD, EV 103.8 MPH)
|
Bottom of the 1st over - 0 runs, 1 hit, 0 errors, 1 left on base; Minnesota (NYP) 0 - Vancouver 0 |
TOP OF THE 2ND |
Minnesota (NYP) Twins batting - Pitching for Vancouver Canadians : RHP Ron Kehoe
|
Batting: LHB Marvin Shepherd
|
0-0: Ball 1-0: Called Strike 1-1: Swinging Strike 1-2: Ball 2-2: Strikes out swinging
|
Batting: RHB Chris Bejarano
|
0-0: Ball 1-0: Ball 2-0: SINGLE (Groundball, 6S, EV 67.5 MPH) (infield hit)
|
Batting: LHB Jose Hilario
|
0-0: Called Strike 0-1: Fly out, F8 (Flyball, 78D, EV 90.0 MPH)
|
Batting: RHB Fernando Bravo
|
0-0: Called Strike 0-1: Foul Ball, location: 2F 0-2: Fly out, F9 (Flyball, 9LSF, EV 88.1 MPH)
|
Top of the 2nd over - 0 runs, 1 hit, 0 errors, 1 left on base; Minnesota (NYP) 0 - Vancouver 0 |
BOTTOM OF THE 2ND |
Vancouver Canadians batting - Pitching for Minnesota (NYP) Twins : LHP Sandy Benitez
|
Batting: RHB Jorge Cruz
|
0-0: Ball 1-0: Foul Ball, location: 2F 1-1: Called Strike 1-2: DOUBLE (Line Drive, 9LS, EV 110.0 MPH)
|
Batting: RHB John Rios
|
0-0: Ball 1-0: Swinging Strike 1-1: SINGLE (Groundball, 34D, EV 108.1 MPH) Jorge Cruz to third
|
Batting: RHB Tristan Dennis
|
0-0: Swinging Strike 0-1: Ball 1-1: Ball 2-1: Called Strike 2-2: Foul Ball, location: 2F 2-2: DOUBLE (Line Drive, 9LM, EV 106.2 MPH) Jorge Cruz scores John Rios to third
|
Batting: RHB Gary Wilson
|
0-0: Ground out 4-3 (Groundball, 34, EV 81.2 MPH) John Rios scores Tristan Dennis to third
|
Batting: RHB Jorge Alva
|
0-0: Ball 1-0: Swinging Strike 1-1: Foul Ball, location: 2F 1-2: Ball 2-2: Strikes out looking
|
Batting: RHB Manny Elizondo
|
0-0: Called Strike 0-1: Called Strike 0-2: Strikes out swinging
|
Bottom of the 2nd over - 2 runs, 3 hits, 0 errors, 1 left on base; Minnesota (NYP) 0 - Vancouver 2 |
TOP OF THE 3RD |
Minnesota (NYP) Twins batting - Pitching for Vancouver Canadians : RHP Ron Kehoe
|
Batting: SHB Juan Aguilar
|
0-0: Called Strike 0-1: SINGLE (Groundball, 56D, EV 107.5 MPH)
|
Batting: RHB Caleb Bockmann
|
0-0: Fielders Choice at 2nd, 6-4 (Groundball, 6, EV 91.2 MPH)
|
Batting: RHB Fhil Mikrakin
|
0-0: Called Strike 0-1: Foul Ball, location: 2F 0-2: Ball 1-2: SINGLE (Groundball, 6MD, EV 101.2 MPH) Caleb Bockmann to second
|
Batting: LHB Hector Olvera
|
0-0: Ball Caleb Bockmann steals 3rd base Fhil Mikrakin to second 1-0: Called Strike 1-1: Ball 2-1: Called Strike 2-2: Foul Ball, location: 2F 2-2: Foul Ball, location: 2F 2-2: SINGLE (Groundball, 4MD, EV 107.5 MPH) Caleb Bockmann scores Fhil Mikrakin to third Runner from 3rd tries for Home, throw by CF and OUT! 8-2
|
Batting: RHB Steve Raine
|
0-0: Ground out 4-3 (Groundball, 4, EV 82.5 MPH)
|
Top of the 3rd over - 1 run, 3 hits, 0 errors, 1 left on base; Minnesota (NYP) 1 - Vancouver 2 |
BOTTOM OF THE 3RD |
Vancouver Canadians batting - Pitching for Minnesota (NYP) Twins : LHP Sandy Benitez
|
Batting: LHB Ron de Vos
|
0-0: Ball 1-0: Foul Ball, location: 2F 1-1: Swinging Strike 1-2: Foul Ball, location: 2F 1-2: Strikes out swinging
|
Batting: RHB Adam O'Hare
|
0-0: Ball 1-0: Ball 2-0: Foul Ball, location: 2F 2-1: Swinging Strike 2-2: Ball 3-2: Strikes out swinging
|
Batting: RHB Terry Plumley
|
0-0: Ball 1-0: Called Strike 1-1: Foul Ball, location: 2F 1-2: Ball 2-2: Foul Ball, location: 2F 2-2: Ball 3-2: Foul Ball, location: 2F 3-2: SOLO HOME RUN (Flyball, 7LD, EV 100.6 MPH), Distance : 361 ft
|
Batting: RHB Jorge Cruz
|
0-0: Ball 1-0: Swinging Strike 1-1: Ground out 5-3 (Groundball, 5, EV 103.1 MPH)
|
Bottom of the 3rd over - 1 run, 1 hit, 0 errors, 0 left on base; Minnesota (NYP) 1 - Vancouver 3 |
TOP OF THE 4TH |
Minnesota (NYP) Twins batting - Pitching for Vancouver Canadians : RHP Ron Kehoe
|
Batting: LHB Marvin Shepherd
|
0-0: Ball 1-0: Called Strike 1-1: SOLO HOME RUN (Flyball, 9D, EV 96.9 MPH), Distance : 368 ft
|
Batting: RHB Chris Bejarano
|
0-0: Foul Ball, location: 2F 0-1: Ball 1-1: Ball 2-1: Swinging Strike 2-2: Strikes out swinging
|
Batting: LHB Jose Hilario
|
0-0: Ball 1-0: Ground out 1-3 (Groundball, 15S, EV 66.2 MPH)
|
Batting: RHB Fernando Bravo
|
0-0: Ground out 6-3 (Groundball, 6MD, EV 80.6 MPH)
|
Top of the 4th over - 1 run, 1 hit, 0 errors, 0 left on base; Minnesota (NYP) 2 - Vancouver 3 |
BOTTOM OF THE 4TH |
Vancouver Canadians batting - Pitching for Minnesota (NYP) Twins : LHP Sandy Benitez
|
Batting: RHB John Rios
|
0-0: Called Strike 0-1: Ball 1-1: Foul Ball, location: 2F 1-2: TRIPLE (Line Drive, 78XD, EV 102.5 MPH)
|
Batting: RHB Tristan Dennis
|
0-0: Called Strike 0-1: SINGLE (Groundball, 34D, EV 94.4 MPH) John Rios scores
|
Batting: RHB Gary Wilson
|
0-0: Ball 1-0: SINGLE (Groundball, 6MD, EV 108.1 MPH) Tristan Dennis to second
|
Batting: RHB Jorge Alva
|
0-0: Ball 1-0: Ball 2-0: Ball 3-0: Called Strike 3-1: Foul Ball, location: 2F 3-2: Strikes out swinging
|
Batting: RHB Manny Elizondo
|
0-0: SINGLE (Line Drive, 56, EV 105.0 MPH) Tristan Dennis to third Gary Wilson to second
|
Batting: LHB Ron de Vos
|
0-0: Called Strike 0-1: Ball 1-1: Ball 2-1: Foul Ball, location: 2F 2-2: SINGLE (Groundball, 4MD, EV 93.8 MPH) Tristan Dennis scores Gary Wilson to third Manny Elizondo to second
|
Pitching: LHP Bryan Rouse
|
|
Batting: RHB Adam O'Hare
|
0-0: Swinging Strike 0-1: Foul Ball, location: 2F 0-2: Ball 1-2: Foul Ball, location: 2F 1-2: Strikes out looking
|
Batting: RHB Terry Plumley
|
0-0: Fielders Choice at 2nd, 6-4 (Groundball, 56, EV 109.4 MPH)
|
Bottom of the 4th over - 2 runs, 5 hits, 0 errors, 3 left on base; Minnesota (NYP) 2 - Vancouver 5 |
TOP OF THE 5TH |
Minnesota (NYP) Twins batting - Pitching for Vancouver Canadians : RHP Ron Kehoe
|
Batting: SHB Juan Aguilar
|
0-0: Called Strike 0-1: Ball 1-1: Ball 2-1: Swinging Strike 2-2: Ground out 5-3 (Groundball, 56S, EV 80.0 MPH)
|
Batting: RHB Caleb Bockmann
|
0-0: SINGLE (Groundball, 4MD, EV 95.6 MPH)
|
Batting: RHB Fhil Mikrakin
|
0-0: Ball Caleb Bockmann steals 2nd base 1-0: Foul Ball, location: 2F 1-1: Called Strike 1-2: Ball 2-2: Fly out, F5 (Line Drive, 56, EV 83.8 MPH)
|
Batting: LHB Hector Olvera
|
0-0: Foul Ball, location: 2F 0-1: Foul Ball, location: 2F 0-2: Ball 1-2: Ground out 1-3 (Groundball, 15S, EV 66.2 MPH)
|
Top of the 5th over - 0 runs, 1 hit, 0 errors, 1 left on base; Minnesota (NYP) 2 - Vancouver 5 |
BOTTOM OF THE 5TH |
Vancouver Canadians batting - Pitching for Minnesota (NYP) Twins : LHP Bryan Rouse
|
Batting: RHB Jorge Cruz
|
0-0: Ball 1-0: Ball 2-0: Foul Ball, location: 2F 2-1: Ball 3-1: Base on Balls
|
Batting: RHB John Rios
|
0-0: Ball 1-0: Swinging Strike 1-1: Swinging Strike 1-2: Ball 2-2: Ball 3-2: Ground out 4-3 (Groundball, 13, EV 87.5 MPH) Jorge Cruz to second
|
Batting: RHB Tristan Dennis
|
0-0: Called Strike 0-1: Foul Ball, location: 2F 0-2: Ball 1-2: Ball 2-2: Foul Ball, location: 2F 2-2: Ball 3-2: Foul Ball, location: 2F 3-2: Ground out 5-3 (Groundball, 56S, EV 81.9 MPH)
|
Batting: RHB Gary Wilson
|
0-0: Swinging Strike 0-1: Reached via error on a dropped throw from 1B, E1 (Groundball, 34S, EV 86.9 MPH) Jorge Cruz to third
|
Batting: RHB Jorge Alva
|
0-0: Ball 1-0: Fly out, F8 (Flyball, 8RS, EV 77.5 MPH)
|
Bottom of the 5th over - 0 runs, 0 hits, 1 error, 2 left on base; Minnesota (NYP) 2 - Vancouver 5 |
TOP OF THE 6TH |
Minnesota (NYP) Twins batting - Pitching for Vancouver Canadians : RHP Ron Kehoe
|
Batting: RHB Steve Raine
|
0-0: Ball 1-0: Foul Ball, location: 2F 1-1: Ball 2-1: Ball 3-1: Called Strike 3-2: Strikes out looking
|
Batting: LHB Marvin Shepherd
|
0-0: Ball 1-0: Called Strike 1-1: Ball 2-1: Foul Ball, location: 2F 2-2: Foul Ball, location: 2F 2-2: Ball 3-2: Base on Balls
|
Batting: RHB Chris Bejarano
|
0-0: Called Strike 0-1: Ball 1-1: Called Strike 1-2: Grounds into double play, 5-4-3 (Groundball, 56, EV 85.6 MPH)
|
Top of the 6th over - 0 runs, 0 hits, 0 errors, 0 left on base; Minnesota (NYP) 2 - Vancouver 5 |
BOTTOM OF THE 6TH |
Vancouver Canadians batting - Pitching for Minnesota (NYP) Twins : LHP Bryan Rouse
|
Batting: RHB Manny Elizondo
|
0-0: Ball 1-0: Foul Ball, location: 2F 1-1: Called Strike 1-2: Foul Ball, location: 2F 1-2: Strikes out looking
|
Batting: LHB Ron de Vos
|
0-0: Swinging Strike 0-1: Ball 1-1: Called Strike 1-2: Ball 2-2: Foul Ball, location: 2F 2-2: Foul Ball, location: 2F 2-2: Foul Ball, location: 2F 2-2: Ball 3-2: Foul Ball, location: 2F 3-2: Base on Balls
|
Batting: RHB Adam O'Hare
|
0-0: Called Strike 0-1: Called Strike 0-2: Ball Ron de Vos is caught stealing 2nd base 2-4 1-2: Ball 2-2: Ball 3-2: Strikes out swinging
|
Bottom of the 6th over - 0 runs, 0 hits, 0 errors, 0 left on base; Minnesota (NYP) 2 - Vancouver 5 |
TOP OF THE 7TH |
Minnesota (NYP) Twins batting - Pitching for Vancouver Canadians : RHP Ron Kehoe
|
Now at 1B: Terry Plumley
|
|
Now at 3B: Luis Reyes
|
|
Now in CF: Julio Canseco
|
|
Batting: LHB Jose Hilario
|
0-0: Foul Ball, location: 2F 0-1: Foul Ball, location: 2F 0-2: Ball 1-2: SINGLE (Groundball, 4MS, EV 73.1 MPH) (infield hit)
|
Batting: RHB Fernando Bravo
|
0-0: Ball 1-0: Called Strike 1-1: Ball 2-1: Foul Ball, location: 2F 2-2: Foul Ball, location: 2F 2-2: Ball 3-2: Fly out, F7 (Line Drive, 78M, EV 93.1 MPH)
|
Batting: SHB Juan Aguilar
|
0-0: Called Strike 0-1: Called Strike 0-2: Ball 1-2: Strikes out swinging Jose Hilario is caught stealing 2nd base 2-6 Batter strikes out.
|
Top of the 7th over - 0 runs, 1 hit, 0 errors, 0 left on base; Minnesota (NYP) 2 - Vancouver 5 |
BOTTOM OF THE 7TH |
Vancouver Canadians batting - Pitching for Minnesota (NYP) Twins : LHP Bryan Rouse
|
Pitching: RHP Larry Muttart
|
|
Batting: RHB Terry Plumley
|
0-0: Called Strike 0-1: SOLO HOME RUN (Flyball, 78XD, EV 101.2 MPH), Distance : 390 ft
|
Batting: RHB Jorge Cruz
|
0-0: Fly out, F8 (Flyball, 8RD, EV 94.4 MPH)
|
Batting: RHB John Rios
|
0-0: Foul Ball, location: 2F 0-1: Called Strike 0-2: Ball 1-2: SINGLE (Groundball, 4MD, EV 107.5 MPH)
|
Batting: RHB Tristan Dennis
|
0-0: Foul Ball, location: 2F 0-1: Ball 1-1: Foul Ball, location: 2F 1-2: DOUBLE (Line Drive, 9LD, EV 107.5 MPH) John Rios to third
|
Batting: RHB Luis Reyes
|
0-0: Ball 1-0: Fly out, F3 (Popup, 3SF, EV 73.1 MPH)
|
Batting: LHB Julio Canseco
|
0-0: Ball 1-0: Foul Ball, location: 2F 1-1: Ball 2-1: Called Strike 2-2: Fly out, F3 (Line Drive, 3, EV 73.1 MPH)
|
Bottom of the 7th over - 1 run, 3 hits, 0 errors, 2 left on base; Minnesota (NYP) 2 - Vancouver 6 |
TOP OF THE 8TH |
Minnesota (NYP) Twins batting - Pitching for Vancouver Canadians : RHP Ron Kehoe
|
Now at 2B: Tristan Dennis
|
|
Now at 3B: Dustin Bargman
|
|
Now at SS: Luis Reyes
|
|
Now in LF: Jose Ontiveros
|
|
Now in CF: Ron de Vos
|
|
Now in RF: Julio Canseco
|
|
Batting: RHB Caleb Bockmann
|
0-0: Fly out, F7 (Line Drive, 7LS, EV 93.1 MPH)
|
Batting: RHB Fhil Mikrakin
|
0-0: Ball 1-0: Swinging Strike 1-1: Foul Ball, location: 2F 1-2: Foul Ball, location: 2F 1-2: Ground out 5-3 (Groundball, 56, EV 83.1 MPH)
|
Batting: LHB Hector Olvera
|
0-0: Foul Ball, location: 2F 0-1: Foul Ball, location: 2F 0-2: Strikes out swinging
|
Top of the 8th over - 0 runs, 0 hits, 0 errors, 0 left on base; Minnesota (NYP) 2 - Vancouver 6 |
BOTTOM OF THE 8TH |
Vancouver Canadians batting - Pitching for Minnesota (NYP) Twins : RHP Larry Muttart
|
Batting: RHB Jose Ontiveros
|
0-0: Ball 1-0: Ground out 5-3 (Groundball, 56, EV 85.6 MPH)
|
Batting: LHB Ron de Vos
|
0-0: Ball 1-0: SINGLE (Groundball, 4MD, EV 102.5 MPH)
|
Pitching: RHP Karel Braaksma
|
|
Batting: RHB Adam O'Hare
|
0-0: Ball 1-0: Called Strike 1-1: SINGLE (Groundball, 34S, EV 82.5 MPH) (infield hit) Ron de Vos to second
|
Batting: RHB Terry Plumley
|
Balk! Ron de Vos to third Adam O'Hare to second 0-0: Called Strike 0-1: Foul Ball, location: 2F 0-2: Foul Ball, location: 2F 0-2: Ball 1-2: Ball 2-2: Ball Balk! Ron de Vos scores Adam O'Hare to third 3-2: Foul Ball, location: 2F 3-2: 2-RUN HOME RUN (Line Drive, 9D, EV 108.8 MPH), Distance : 392 ft
|
Pinch Hitting: RHB Pete Duncan
|
0-0: Ball 1-0: Ball 2-0: Foul Ball, location: 2F 2-1: Foul Ball, location: 2F 2-2: Ground out 6-3 (Groundball, 6MD, EV 89.4 MPH)
|
Batting: RHB John Rios
|
0-0: Ball 1-0: Fly out, F8 (Flyball, 8RS, EV 89.4 MPH)
|
Bottom of the 8th over - 3 runs, 3 hits, 0 errors, 0 left on base; Minnesota (NYP) 2 - Vancouver 9 |
TOP OF THE 9TH |
Minnesota (NYP) Twins batting - Pitching for Vancouver Canadians : RHP Ron Kehoe
|
Now at 3B: Pete Duncan
|
|
Batting: RHB Steve Raine
|
0-0: Called Strike 0-1: Swinging Strike 0-2: Ball 1-2: Ball 2-2: Fly out, F4 (Popup, 34D, EV 57.5 MPH)
|
Pinch Hitting: RHB Dave Berry
|
0-0: Ball 1-0: Fly out, F9 (Flyball, 89M, EV 77.5 MPH)
|
Pitching: RHP Jeremy Thomsen
|
|
Batting: RHB Chris Bejarano
|
0-0: Swinging Strike 0-1: Ball 1-1: Called Strike 1-2: Strikes out swinging
|
Top of the 9th over - 0 runs, 0 hits, 0 errors, 0 left on base; Minnesota (NYP) 2 - Vancouver 9 |
|